Philadelphia Phantoms vs Toronto St Pats
Created - Saturday, May 31, 2025 at 08:14
Goals
|
| Philadelphia Phantoms |
3 |
1 |
2 |
6 |
| Toronto St Pats |
3 |
0 |
0 |
3 |
|
Shots
|
| Philadelphia Phantoms |
19 |
17 |
6 |
42 |
| Toronto St Pats |
14 |
13 |
8 |
35 |
|
1st period
1. Toronto St Pats , Austin Watson 39 (Brendan Brisson 79) at 0:39
2. Philadelphia Phantoms , Alex Steeves 56 (Egor Afanasyev 88, Juuso Parssinen 4) at 4:27
3. Toronto St Pats , Nick Cousins 52 (Connor Dewar 78, Travis Boyd 77) at 6:22 (PP)
4. Toronto St Pats , Travis Boyd 58 (Brendan Brisson 80, Connor Dewar 79) at 8:42 (SH)
5. Philadelphia Phantoms , Egor Afanasyev 45 (Alex Steeves 48) at 8:46 (PP)
6. Philadelphia Phantoms , James Malatesta 38 (Luca Del Bel Belluz 58, Jaret Anderson-Dolan 38) at 19:43
Penalties :
Zac Jones (PHP) for Tripping (Minor) at 6:17, Lassi Thomson (TSP) for Tripping (Minor) at 8:02, Austin Watson (TSP) for Fighting (Major) at 12:18, Adam Klapka (PHP) for Fighting (Major) at 12:18
2nd period
7. Philadelphia Phantoms , Jack McBain 6 (Juuso Parssinen 5, Louis Crevier 33) at 2:53 (PP)
Penalties :
Connor Dewar (TSP) for Hooking (Minor) at 2:15
3rd period
8. Philadelphia Phantoms , Jaret Anderson-Dolan 41 (James Malatesta 61) at 0:59
9. Philadelphia Phantoms , Matt Rempe 27 (Luca Del Bel Belluz 59) at 16:39
Penalties :
Reilly Walsh (PHP) for Cross-checking (Minor) at 7:16
Goalie Stats
Dennis Hildeby (PHP), 32 saves from 35 shots - (0.914), W, 40-15-5, 60:00 minutes
Matt Murray (TSP), 36 saves from 42 shots - (0.857), L, 30-17-4, 60:00 minutes
Players Stats for Philadelphia Phantoms
Player Name G A P +/- PIM S H SB GA TA FO MP PP MP PK MP
------------------------------------------------------------------------------------
0 0 0 0 0 0 0 0 0 0 0/0 0:00 0:00 0:00
Adam Klapka 0 0 0 1 5 2 3 1 0 0 8/13 12:15 0:00 0:00
Alex Steeves 1 1 2 0 0 3 2 1 0 0 0/2 14:27 0:44 0:00
Egor Afanasyev 1 1 2 0 0 5 4 0 1 0 11/19 16:18 0:44 1:03
Jack McBain 1 0 1 -1 0 4 1 0 1 0 11/16 15:47 0:38 1:01
James Malatesta 1 1 2 2 0 2 2 0 1 0 0/0 15:15 0:00 0:11
Jaret Anderson-Dolan 1 1 2 2 0 4 0 0 0 1 1/1 16:07 0:00 1:01
Juuso Parssinen 0 2 2 1 0 4 1 0 0 0 1/2 14:21 0:38 0:00
Louis Crevier 0 1 1 1 0 1 0 1 0 1 0/0 20:35 0:42 1:07
Luca Del Bel Belluz 0 2 2 2 0 1 0 1 1 0 10/16 16:17 0:38 0:00
Marcus Bjork 0 0 0 2 0 1 1 1 0 1 0/0 21:40 0:42 0:00
Matt Rempe 1 0 1 1 0 4 5 1 0 0 0/0 13:53 0:00 0:00
Nick Blankenburg 0 0 0 0 0 1 0 2 0 0 0/0 17:42 0:00 0:57
Nils Aman 0 0 0 -1 0 0 0 0 0 0 1/2 14:44 0:00 0:52
Reilly Walsh 0 0 0 1 2 1 0 2 0 1 0/0 19:17 0:00 0:00
Ryan Johnson 0 0 0 -1 0 1 1 0 0 1 0/0 18:32 0:40 1:02
Ryan Winterton 0 0 0 1 0 2 0 0 0 0 0/1 13:53 0:00 0:00
Tye Kartye 0 0 0 -2 0 4 3 0 2 0 0/0 14:36 0:44 0:00
Zac Jones 0 0 0 1 2 2 0 4 0 0 0/0 22:14 0:40 1:02
Players Stats for Toronto St Pats
Player Name G A P +/- PIM S H SB GA TA FO MP PP MP PK MP
------------------------------------------------------------------------------------
0 0 0 0 0 0 0 0 0 0 0/0 0:00 0:00 0:00
Austin Watson 1 0 1 1 5 3 3 1 0 0 0/0 14:57 0:53 0:00
Bogdan Trineyev 0 0 0 -1 0 1 2 0 0 0 1/1 9:20 0:00 0:00
Brendan Brisson 0 2 2 2 0 3 1 1 1 0 5/18 17:13 0:53 0:33
Brendan Gaunce 0 0 0 -3 0 2 2 1 1 0 8/15 15:27 0:00 0:00
Brett Berard 0 0 0 -3 0 2 1 0 0 0 0/0 14:24 0:00 0:23
Connor Dewar 0 2 2 0 2 3 1 0 0 2 10/26 19:02 1:11 0:26
John Farinacci 0 0 0 -1 0 0 1 0 0 0 2/6 9:20 0:00 0:00
Lassi Thomson 0 0 0 0 2 0 1 1 0 0 0/0 14:44 0:00 0:00
Lucas Carlsson 0 0 0 0 0 0 0 2 0 0 0/0 14:45 0:00 0:00
Mackie Samoskevich 0 0 0 1 0 1 0 1 0 0 0/0 16:40 0:53 0:00
Matthew Maggio 0 0 0 -1 0 1 1 0 0 0 0/0 9:20 0:00 0:00
Nick Cousins 1 0 1 0 0 4 1 1 0 1 1/1 19:26 1:11 0:49
Nikita Okhotiuk 0 0 0 -1 0 3 3 0 0 3 0/0 25:08 0:57 0:40
Pierre-Olivier Joseph 0 0 0 -1 0 0 1 0 1 0 0/0 25:08 0:57 0:40
Ryan Tverberg 0 0 0 -3 0 2 0 0 0 0 1/1 14:17 0:00 0:00
Sam Malinski 0 0 0 -1 0 2 1 1 2 0 0/0 20:07 1:07 0:42
Scott Perunovich 0 0 0 -1 0 2 3 3 0 0 0/0 20:07 1:07 0:42
Travis Boyd 1 1 2 1 0 6 0 1 0 0 1/4 19:10 1:11 0:33
3 Stars
1 - James Malatesta (PHP)
2 - Egor Afanasyev (PHP)
3 - Jaret Anderson-Dolan (PHP)
Power Play
Philadelphia Phantoms - 2 on 2 Attempt(s) - 100.00%
Toronto St Pats - 1 on 2 Attempt(s) - 50.00%
Penalty Kill
Philadelphia Phantoms - 1 on 2 Attempt(s) - 50.00%
- Score 0 goal in Penalty Kill
Toronto St Pats - 0 on 2 Attempt(s) - 0.00%
- Score 1 goal in Penalty Kill
Team Stat
Philadelphia Phantoms - Hits : 23 - Faceoff Wins : 43 - Blocked Shots : 14 - Penalty Minutes : 9
Toronto St Pats - Hits : 22 - Faceoff Wins : 29 - Blocked Shots : 13 - Penalty Minutes : 9
Official
Referees : Jean Hebert and Reid Anderson
Linesman : Jonny Murray and Jonathan Deschamps
Game Notes
Austin Watson beats up Adam Klapka at 12:18 of 1st period
Philadelphia Phantoms
5 vs 5 Forward
Center Left Wing Right Wing Time % Phy DF OF
1 Egor Afanasyev Juuso Parssinen Alex Steeves 25 0 1 4
2 Jack McBain Tye Kartye Nils Aman 25 0 1 4
3 Luca Del Bel Belluz James Malatesta Jaret Anderson-Dolan 25 0 1 4
4 Adam Klapka Ryan Winterton Matt Rempe 25 0 2 3
5 vs 5 Defense
Defense Defense Time % Phy DF OF
1 Zac Jones Marcus Bjork 35 0 3 2
2 Louis Crevier Reilly Walsh 35 0 3 2
3 Ryan Johnson Nick Blankenburg 30 0 3 2
4 Zac Jones Marcus Bjork 0 0 3 2
PowerPlay Forward
Center Left Wing Right Wing Time % Phy DF OF
1 Jack McBain Juuso Parssinen Luca Del Bel Belluz 50 0 0 5
2 Egor Afanasyev Tye Kartye Alex Steeves 50 0 0 5
PowerPlay Defense
Defense Defense Time % Phy DF OF
1 Zac Jones Ryan Johnson 50 0 1 4
2 Louis Crevier Marcus Bjork 50 0 1 4
Penalty Kill 4 Players Forward
Center Wing Time % Phy DF OF
1 Jack McBain Jaret Anderson-Dolan 50 0 5 0
2 Egor Afanasyev Nils Aman 50 0 5 0
Penalty Kill 4 Players Defense
Defense Defense Time % Phy DF OF
1 Zac Jones Louis Crevier 50 0 5 0
2 Ryan Johnson Nick Blankenburg 50 0 5 0
Penalty Kill - 3 Players Forward
Forward Time % Phy DF OF
1 Jack McBain 50 0 5 0
2 Egor Afanasyev 50 0 5 0
Penalty Kill - 3 Players Defense
Defense Defense Time % Phy DF OF
1 Zac Jones Louis Crevier 50 0 5 0
2 Ryan Johnson Nick Blankenburg 50 0 5 0
4 vs 4 Forward
Center Wing Time % Phy DF OF
1 Egor Afanasyev Alex Steeves 50 0 1 4
2 Jack McBain Juuso Parssinen 50 0 2 3
4 vs 4 Defense
Defense Defense Time % Phy DF OF
1 Zac Jones Marcus Bjork 50 0 3 2
2 Louis Crevier Reilly Walsh 50 0 3 2
Last Minutes Offensive
Center Left Wing Right Wing Defense Defense
Egor Afanasyev Tye Kartye Alex Steeves Zac Jones Ryan Johnson
Last Minutes Defensive
Center Left Wing Right Wing Defense Defense
Jack McBain Jaret Anderson-Dolan Nils Aman Zac Jones Louis Crevier
Goaltenders
Starting : Dennis Hildeby
Backup : Jared Moe
Extra Forwards
Normal : Egor Afanasyev, Luca Del Bel Belluz, Jack McBain - PP : Egor Afanasyev, Luca Del Bel Belluz - PK : Egor Afanasyev
Extra Defensemen
Normal : Louis Crevier, Ryan Johnson, Reilly Walsh - PP : Louis Crevier - PK : Louis Crevier, Ryan Johnson
Penalty Shots
Egor Afanasyev, Alex Steeves, Ryan Winterton, Adam Klapka, James Malatesta
Scratches
Tyler Kleven (Healthy), Tyrel Bauer (Healthy), Lukas Rousek (Healthy), Isaac Poulter (Healthy), Colten Ellis (Healthy)
Toronto St Pats
5 vs 5 Forward
Center Left Wing Right Wing Time % Phy DF OF
1 Connor Dewar Nick Cousins Travis Boyd 30 1 2 2
2 Brendan Brisson Austin Watson Mackie Samoskevich 30 1 2 2
3 Brendan Gaunce Brett Berard Ryan Tverberg 25 1 2 2
4 John Farinacci Bogdan Trineyev Matthew Maggio 15 1 2 2
5 vs 5 Defense
Defense Defense Time % Phy DF OF
1 Nikita Okhotiuk Pierre-Olivier Joseph 30 1 2 2
2 Sam Malinski Scott Perunovich 30 1 2 2
3 Lucas Carlsson Lassi Thomson 25 1 2 2
4 Nikita Okhotiuk Pierre-Olivier Joseph 15 1 2 2
PowerPlay Forward
Center Left Wing Right Wing Time % Phy DF OF
1 Connor Dewar Nick Cousins Travis Boyd 50 1 2 2
2 Brendan Brisson Austin Watson Mackie Samoskevich 50 1 2 2
PowerPlay Defense
Defense Defense Time % Phy DF OF
1 Nikita Okhotiuk Pierre-Olivier Joseph 50 1 2 2
2 Sam Malinski Scott Perunovich 50 1 2 2
Penalty Kill 4 Players Forward
Center Wing Time % Phy DF OF
1 Connor Dewar Nick Cousins 50 1 2 2
2 Travis Boyd Brendan Brisson 50 1 2 2
Penalty Kill 4 Players Defense
Defense Defense Time % Phy DF OF
1 Nikita Okhotiuk Pierre-Olivier Joseph 50 1 2 2
2 Sam Malinski Scott Perunovich 50 1 2 2
Penalty Kill - 3 Players Forward
Forward Time % Phy DF OF
1 Connor Dewar 50 1 2 2
2 Nick Cousins 50 1 2 2
Penalty Kill - 3 Players Defense
Defense Defense Time % Phy DF OF
1 Nikita Okhotiuk Pierre-Olivier Joseph 50 1 2 2
2 Sam Malinski Scott Perunovich 50 1 2 2
4 vs 4 Forward
Center Wing Time % Phy DF OF
1 Connor Dewar Nick Cousins 50 1 2 2
2 Travis Boyd Brendan Brisson 50 1 2 2
4 vs 4 Defense
Defense Defense Time % Phy DF OF
1 Nikita Okhotiuk Pierre-Olivier Joseph 50 1 2 2
2 Sam Malinski Scott Perunovich 50 1 2 2
Last Minutes Offensive
Center Left Wing Right Wing Defense Defense
Connor Dewar Nick Cousins Travis Boyd Nikita Okhotiuk Pierre-Olivier Joseph
Last Minutes Defensive
Center Left Wing Right Wing Defense Defense
Connor Dewar Nick Cousins Travis Boyd Nikita Okhotiuk Pierre-Olivier Joseph
Goaltenders
Starting : Matt Murray
Backup : Adam Scheel
Extra Forwards
Normal : Brendan Gaunce, Ryan Tverberg, Brett Berard - PP : Brendan Gaunce, Ryan Tverberg - PK : Brett Berard
Extra Defensemen
Normal : Lucas Carlsson, Lassi Thomson, Sam Malinski - PP : Lucas Carlsson - PK : Lassi Thomson, Sam Malinski
Penalty Shots
Connor Dewar, Nick Cousins, Travis Boyd, Brendan Brisson, Austin Watson
Scratches
Cole McWard (Healthy), Nico Myatovic (Healthy), Eetu Liukas (Healthy), Ville Koivunen (Healthy), Jake Leschyshyn (Healthy)
Jakub Skarek (Healthy), Brett Brochu (Healthy), Will Cranley (Healthy)
% Time on Ice - Philadelphia Phantoms
Lines # - Real PCT - Wanted PCT - Time Play
Normal Forward
1 - 24% - 25% - 13:45
2 - 25% - 25% - 13:52
3 - 27% - 25% - 15:04
4 - 25% - 25% - 13:53
Normal Defense
1 - 37% - 35% - 20:39
2 - 33% - 35% - 18:49
3 - 30% - 30% - 16:45
4 - 1% - 0% - 0:21
PP Forward
1 - 46% - 50% - 0:38
2 - 54% - 50% - 0:44
PP Defense
1 - 49% - 50% - 0:40
2 - 51% - 50% - 0:42
PK Forward
1 - 49% - 50% - 1:01
2 - 51% - 50% - 1:03
PK Defense
1 - 54% - 50% - 1:07
2 - 46% - 50% - 0:57
PK3 Forward
1 - 0% - 50%
2 - 0% - 50%
PK3 Defense
1 - 0% - 50%
2 - 0% - 50%
44 Forward
1 - 0% - 50%
2 - 0% - 50%
44 Defense
1 - 0% - 50%
2 - 0% - 50%
Last Minute Offensive - 0:00
Last Minute Defensive - 0:00
Total
Forward - 60:00
Defense - 60:00
|
% Time on Ice - Toronto St Pats
Lines # - Real PCT - Wanted PCT - Time Play
Normal Forward
1 - 31% - 30% - 17:26
2 - 28% - 30% - 15:47
3 - 25% - 25% - 14:01
4 - 16% - 15% - 9:20
Normal Defense
1 - 28% - 30% - 16:00
2 - 32% - 30% - 18:18
3 - 26% - 25% - 14:45
4 - 13% - 15% - 7:31
PP Forward
1 - 57% - 50% - 1:11
2 - 43% - 50% - 0:53
PP Defense
1 - 46% - 50% - 0:57
2 - 54% - 50% - 1:07
PK Forward
1 - 60% - 50% - 0:49
2 - 40% - 50% - 0:33
PK Defense
1 - 49% - 50% - 0:40
2 - 51% - 50% - 0:42
PK3 Forward
1 - 0% - 50%
2 - 0% - 50%
PK3 Defense
1 - 0% - 50%
2 - 0% - 50%
44 Forward
1 - 0% - 50%
2 - 0% - 50%
44 Defense
1 - 0% - 50%
2 - 0% - 50%
Last Minute Offensive - 0:00
Last Minute Defensive - 0:00
Total
Forward - 60:00
Defense - 60:00
|
Play-by-Play
1st period
0:01 of 1st period - Connor Dewar wins face-off versus Juuso Parssinen in neutral zone.
0:26 of 1st period - Zac Jones is hit by Austin Watson and loses puck.
0:39 of 1st period - Snap shot by Austin Watson.
0:39 of 1st period - Goal by Austin Watson - Philadelphia Phantoms : 0 - Toronto St Pats : 1.
0:40 of 1st period - Luca Del Bel Belluz wins face-off versus Brendan Gaunce in neutral zone.
0:53 of 1st period - Wrist shot by Brett Berard.
0:53 of 1st period - Stopped by Dennis Hildeby with a rebound.
1:05 of 1st period - John Farinacci is hit by Matt Rempe.
1:57 of 1st period - Snap shot by Tye Kartye.
1:57 of 1st period - Stopped by Matt Murray with a rebound.
2:37 of 1st period - Adam Klapka is hit by Pierre-Olivier Joseph and loses puck.
2:56 of 1st period - Wrist shot by Brendan Brisson.
2:56 of 1st period - Stopped by Dennis Hildeby with a rebound.
3:02 of 1st period - Snap shot by Brendan Brisson.
3:02 of 1st period - Stopped by Dennis Hildeby with a rebound.
4:03 of 1st period - Snap shot by Adam Klapka.
4:03 of 1st period - Stopped by Matt Murray with a rebound.
4:25 of 1st period - Wrist shot by Egor Afanasyev.
4:25 of 1st period - Stopped by Matt Murray with a rebound.
4:27 of 1st period - Snap shot by Alex Steeves.
4:27 of 1st period - Goal by Alex Steeves - Philadelphia Phantoms : 1 - Toronto St Pats : 1.
4:28 of 1st period - Jack McBain wins face-off versus Connor Dewar in neutral zone.
4:44 of 1st period - Off-side.
4:45 of 1st period - Jaret Anderson-Dolan wins face-off versus Brendan Brisson in neutral zone.
4:54 of 1st period - Wrist shot by Jaret Anderson-Dolan.
4:54 of 1st period - Deflect By Brendan Brisson.
4:54 of 1st period - Stopped by Matt Murray with a rebound.
5:10 of 1st period - Nick Cousins is hit by Adam Klapka and loses puck.
5:17 of 1st period - Snap shot by Adam Klapka.
5:17 of 1st period - Shot Misses the Net.
5:29 of 1st period - Nils Aman is hit by Brendan Gaunce and loses puck.
5:50 of 1st period - Wrist shot by Juuso Parssinen.
5:50 of 1st period - Stopped by Matt Murray without a rebound.
5:51 of 1st period - Egor Afanasyev wins face-off versus John Farinacci in Toronto St Pats zone.
5:59 of 1st period - Icing by Matthew Maggio.
6:00 of 1st period - John Farinacci wins face-off versus Luca Del Bel Belluz in Toronto St Pats zone.
6:04 of 1st period - Off-side.
6:05 of 1st period - Brendan Brisson wins face-off versus Luca Del Bel Belluz in neutral zone.
6:17 of 1st period - Minor Penalty to Zac Jones for Tripping.
6:18 of 1st period - Connor Dewar wins face-off versus Jack McBain in Philadelphia Phantoms zone.
6:18 of 1st period - Wrist shot by Travis Boyd.
6:18 of 1st period - Stopped by Dennis Hildeby with a rebound.
6:20 of 1st period - Wrist shot by Travis Boyd.
6:20 of 1st period - Shot Blocked by Louis Crevier.
6:22 of 1st period - Slapshot by Connor Dewar.
6:22 of 1st period - Deflect By Nick Cousins.
6:22 of 1st period - Goal by Nick Cousins - Philadelphia Phantoms : 1 - Toronto St Pats : 2.
6:23 of 1st period - Connor Dewar wins face-off versus Adam Klapka in neutral zone.
6:26 of 1st period - Snap shot by Nick Cousins.
6:26 of 1st period - Shot Misses the Net.
6:28 of 1st period - Snap shot by Connor Dewar.
6:28 of 1st period - Shot Blocked by Adam Klapka.
6:30 of 1st period - Slapshot by Nikita Okhotiuk.
6:30 of 1st period - Deflect By Reilly Walsh.
6:30 of 1st period - Stopped by Dennis Hildeby without a rebound.
6:31 of 1st period - Connor Dewar wins face-off versus Ryan Winterton in Philadelphia Phantoms zone.
6:44 of 1st period - Slapshot by Nick Cousins.
6:44 of 1st period - Shot Blocked by Matt Rempe.
6:46 of 1st period - Slapshot by Pierre-Olivier Joseph.
6:46 of 1st period - Shot Misses the Net.
7:49 of 1st period - Slapshot by Sam Malinski.
7:49 of 1st period - Deflect By John Farinacci.
7:49 of 1st period - Shot Misses the Net.
7:49 of 1st period - Puck is out of play.
7:50 of 1st period - Adam Klapka wins face-off versus Brendan Brisson in Philadelphia Phantoms zone.
7:50 of 1st period - Adam Klapka is hit by Lassi Thomson.
8:00 of 1st period - Snap shot by Matt Rempe.
8:00 of 1st period - Stopped by Matt Murray with a rebound.
8:02 of 1st period - Minor Penalty to Lassi Thomson for Tripping.
8:03 of 1st period - Jack McBain wins face-off versus Connor Dewar in Toronto St Pats zone.
8:04 of 1st period - Wrist shot by Juuso Parssinen.
8:04 of 1st period - Shot Misses the Net.
8:06 of 1st period - Snap shot by Juuso Parssinen.
8:06 of 1st period - Stopped by Matt Murray without a rebound.
8:07 of 1st period - Jack McBain wins face-off versus Connor Dewar in Toronto St Pats zone.
8:08 of 1st period - Wrist shot by Juuso Parssinen.
8:08 of 1st period - Shot Misses the Net.
8:10 of 1st period - Snap shot by Zac Jones.
8:10 of 1st period - Shot Misses the Net.
8:42 of 1st period - Snap shot by Travis Boyd.
8:42 of 1st period - Goal by Travis Boyd - Philadelphia Phantoms : 1 - Toronto St Pats : 3.
8:43 of 1st period - Egor Afanasyev wins face-off versus Travis Boyd in neutral zone.
8:46 of 1st period - Wrist shot by Egor Afanasyev.
8:46 of 1st period - Goal by Egor Afanasyev - Philadelphia Phantoms : 2 - Toronto St Pats : 3.
8:47 of 1st period - Luca Del Bel Belluz wins face-off versus Connor Dewar in neutral zone.
8:54 of 1st period - Backhand shot by Luca Del Bel Belluz.
8:54 of 1st period - Shot Blocked by Nick Cousins.
8:56 of 1st period - Slapshot by Marcus Bjork.
8:56 of 1st period - Deflect By Pierre-Olivier Joseph.
8:56 of 1st period - Stopped by Matt Murray with a rebound.
8:58 of 1st period - Slapshot by Zac Jones.
8:58 of 1st period - Stopped by Matt Murray with a rebound.
9:00 of 1st period - Snap shot by Jaret Anderson-Dolan.
9:00 of 1st period - Shot Misses the Net.
9:02 of 1st period - Slapshot by Zac Jones.
9:02 of 1st period - Stopped by Matt Murray with a rebound.
9:17 of 1st period - Nikita Okhotiuk is hit by Tye Kartye and loses puck.
9:36 of 1st period - Brendan Gaunce is hit by Egor Afanasyev and loses puck.
10:12 of 1st period - Icing by Zac Jones.
10:13 of 1st period - Luca Del Bel Belluz wins face-off versus Connor Dewar in Philadelphia Phantoms zone.
10:22 of 1st period - Snap shot by Nick Cousins.
10:22 of 1st period - Shot Misses the Net.
10:24 of 1st period - Slapshot by Nick Cousins.
10:24 of 1st period - Shot Blocked by Zac Jones.
10:26 of 1st period - Wrist shot by Connor Dewar.
10:26 of 1st period - Shot Hit the Post.
10:28 of 1st period - Slapshot by Travis Boyd.
10:28 of 1st period - Stopped by Dennis Hildeby with a rebound.
10:50 of 1st period - Zac Jones is hit by Austin Watson and loses puck.
11:06 of 1st period - Snap shot by Egor Afanasyev.
11:06 of 1st period - Shot Blocked by Austin Watson.
11:08 of 1st period - Slapshot by Zac Jones.
11:08 of 1st period - Deflect By Egor Afanasyev.
11:08 of 1st period - Stopped by Matt Murray without a rebound.
11:09 of 1st period - Brendan Gaunce wins face-off versus Jack McBain in Toronto St Pats zone.
11:47 of 1st period - Snap shot by Travis Boyd.
11:47 of 1st period - Stopped by Dennis Hildeby without a rebound.
11:48 of 1st period - Luca Del Bel Belluz wins face-off versus Brendan Brisson in Philadelphia Phantoms zone.
12:18 of 1st period - Austin Watson beats up Adam Klapka.
12:18 of 1st period - Penalty to Austin Watson for Fighting.
12:18 of 1st period - Penalty to Adam Klapka for Fighting.
12:19 of 1st period - Jack McBain wins face-off versus Connor Dewar in Toronto St Pats zone.
12:44 of 1st period - Alex Steeves is hit by Brett Berard and loses puck.
13:09 of 1st period - Louis Crevier is hit by Bogdan Trineyev and loses puck.
14:16 of 1st period - Snap shot by Brendan Brisson.
14:16 of 1st period - Stopped by Dennis Hildeby without a rebound.
14:17 of 1st period - Brendan Brisson wins face-off versus Egor Afanasyev in Philadelphia Phantoms zone.
14:50 of 1st period - Snap shot by James Malatesta.
14:50 of 1st period - Deflect By Luca Del Bel Belluz.
14:50 of 1st period - Stopped by Matt Murray with a rebound.
15:21 of 1st period - Connor Dewar is hit by Alex Steeves and loses puck.
15:45 of 1st period - Connor Dewar is hit by Matt Rempe and loses puck.
16:42 of 1st period - Snap shot by Matthew Maggio.
16:42 of 1st period - Shot Blocked by Reilly Walsh.
16:44 of 1st period - Snap shot by Bogdan Trineyev.
16:44 of 1st period - Stopped by Dennis Hildeby without a rebound.
16:45 of 1st period - Egor Afanasyev wins face-off versus Brendan Brisson in Philadelphia Phantoms zone.
16:54 of 1st period - Snap shot by Egor Afanasyev.
16:54 of 1st period - Deflect By Ryan Winterton.
16:54 of 1st period - Stopped by Matt Murray without a rebound.
16:55 of 1st period - Egor Afanasyev wins face-off versus Brendan Brisson in Toronto St Pats zone.
16:56 of 1st period - Wrist shot by Matt Rempe.
16:56 of 1st period - Stopped by Matt Murray with a rebound.
17:06 of 1st period - Snap shot by Egor Afanasyev.
17:06 of 1st period - Shot Misses the Net.
17:08 of 1st period - Slapshot by Egor Afanasyev.
17:08 of 1st period - Shot Misses the Net.
17:10 of 1st period - Snap shot by Egor Afanasyev.
17:10 of 1st period - Shot Misses the Net.
17:12 of 1st period - Snap shot by Egor Afanasyev.
17:12 of 1st period - Stopped by Matt Murray without a rebound.
17:13 of 1st period - Luca Del Bel Belluz wins face-off versus Connor Dewar in Toronto St Pats zone.
17:35 of 1st period - Icing by Travis Boyd.
17:36 of 1st period - Jack McBain wins face-off versus John Farinacci in Toronto St Pats zone.
18:30 of 1st period - Snap shot by Travis Boyd.
18:30 of 1st period - Stopped by Dennis Hildeby with a rebound.
18:48 of 1st period - Wrist shot by Adam Klapka.
18:48 of 1st period - Shot Misses the Net.
18:54 of 1st period - Adam Klapka is hit by Nikita Okhotiuk and loses puck.
19:07 of 1st period - Ryan Tverberg is hit by Tye Kartye and loses puck.
19:12 of 1st period - Snap shot by Jack McBain.
19:12 of 1st period - Shot Hit the Post.
19:14 of 1st period - Snap shot by Nils Aman.
19:14 of 1st period - Shot Blocked by Scott Perunovich.
19:16 of 1st period - Slapshot by Ryan Johnson.
19:16 of 1st period - Stopped by Matt Murray with a rebound.
19:18 of 1st period - Wrist shot by Nils Aman.
19:18 of 1st period - Shot Blocked by Scott Perunovich.
19:29 of 1st period - Off-side.
19:30 of 1st period - John Farinacci wins face-off versus Egor Afanasyev in neutral zone.
19:33 of 1st period - Slapshot by Nikita Okhotiuk.
19:33 of 1st period - Stopped by Dennis Hildeby without a rebound.
19:34 of 1st period - Luca Del Bel Belluz wins face-off versus John Farinacci in Philadelphia Phantoms zone.
19:43 of 1st period - Slapshot by James Malatesta.
19:43 of 1st period - Goal by James Malatesta - Philadelphia Phantoms : 3 - Toronto St Pats : 3.
19:44 of 1st period - Egor Afanasyev wins face-off versus Brendan Gaunce in neutral zone.
19:58 of 1st period - Wrist shot by Ryan Tverberg.
19:58 of 1st period - Shot Blocked by Zac Jones.
Goals for this period are 3 for Philadelphia Phantoms vs 3 for Toronto St Pats.
Shots for this period are 19 for Philadelphia Phantoms vs 14 for Toronto St Pats.
2nd period
0:01 of 2nd period - Jack McBain wins face-off versus Brendan Gaunce in neutral zone.
0:30 of 2nd period - Wrist shot by Connor Dewar.
0:30 of 2nd period - Stopped by Dennis Hildeby with a rebound.
0:32 of 2nd period - Slapshot by Lucas Carlsson.
0:32 of 2nd period - Shot Blocked by Luca Del Bel Belluz.
0:34 of 2nd period - Wrist shot by Nick Cousins.
0:34 of 2nd period - Stopped by Dennis Hildeby with a rebound.
0:36 of 2nd period - Slapshot by Travis Boyd.
0:36 of 2nd period - Stopped by Dennis Hildeby with a rebound.
1:27 of 2nd period - Snap shot by Nick Cousins.
1:27 of 2nd period - Stopped by Dennis Hildeby with a rebound.
1:42 of 2nd period - Off-side.
1:43 of 2nd period - Jack McBain wins face-off versus John Farinacci in neutral zone.
1:46 of 2nd period - Snap shot by Tye Kartye.
1:46 of 2nd period - Shot Misses the Net.
2:10 of 2nd period - Off-side.
2:11 of 2nd period - Luca Del Bel Belluz wins face-off versus Connor Dewar in neutral zone.
2:15 of 2nd period - Minor Penalty to Connor Dewar for Hooking.
2:16 of 2nd period - Egor Afanasyev wins face-off versus Travis Boyd in Toronto St Pats zone.
2:17 of 2nd period - Wrist shot by Tye Kartye.
2:17 of 2nd period - Stopped by Matt Murray without a rebound.
2:18 of 2nd period - Egor Afanasyev wins face-off versus Travis Boyd in Toronto St Pats zone.
2:19 of 2nd period - Wrist shot by Tye Kartye.
2:19 of 2nd period - Stopped by Matt Murray without a rebound.
2:20 of 2nd period - Travis Boyd wins face-off versus Egor Afanasyev in Toronto St Pats zone.
2:47 of 2nd period - Wrist shot by Jack McBain.
2:47 of 2nd period - Stopped by Matt Murray with a rebound.
2:49 of 2nd period - Snap shot by Jack McBain.
2:49 of 2nd period - Shot Misses the Net.
2:51 of 2nd period - Snap shot by Jack McBain.
2:51 of 2nd period - Shot Blocked by Sam Malinski.
2:53 of 2nd period - Wrist shot by Jack McBain.
2:53 of 2nd period - Goal by Jack McBain - Philadelphia Phantoms : 4 - Toronto St Pats : 3.
2:54 of 2nd period - Egor Afanasyev wins face-off versus Brendan Gaunce in neutral zone.
3:01 of 2nd period - Slapshot by Egor Afanasyev.
3:01 of 2nd period - Shot Misses the Net.
4:14 of 2nd period - Wrist shot by Jaret Anderson-Dolan.
4:14 of 2nd period - Deflect By Matthew Maggio.
4:14 of 2nd period - Shot Blocked by Scott Perunovich.
4:14 of 2nd period - Puck is out of play.
4:15 of 2nd period - Bogdan Trineyev wins face-off versus Egor Afanasyev in Toronto St Pats zone.
4:15 of 2nd period - Bogdan Trineyev is hit by Egor Afanasyev.
4:21 of 2nd period - Slapshot by Pierre-Olivier Joseph.
4:21 of 2nd period - Shot Blocked by Zac Jones.
4:41 of 2nd period - Adam Klapka is hit by Nikita Okhotiuk and loses puck.
4:48 of 2nd period - Slapshot by Marcus Bjork.
4:48 of 2nd period - Shot Blocked by Brendan Brisson.
4:50 of 2nd period - Slapshot by Nick Blankenburg.
4:50 of 2nd period - Deflect By Ryan Winterton.
4:50 of 2nd period - Shot Misses the Net.
4:50 of 2nd period - Puck is out of play.
4:51 of 2nd period - Nils Aman wins face-off versus Connor Dewar in Toronto St Pats zone.
4:58 of 2nd period - Wrist shot by Jack McBain.
4:58 of 2nd period - Shot Misses the Net.
5:04 of 2nd period - Backhand shot by Tye Kartye.
5:04 of 2nd period - Stopped by Matt Murray with a rebound.
5:06 of 2nd period - Snap shot by Jack McBain.
5:06 of 2nd period - Stopped by Matt Murray with a rebound.
5:42 of 2nd period - Snap shot by Brendan Gaunce.
5:42 of 2nd period - Shot Misses the Net.
5:44 of 2nd period - Wrist shot by Brendan Gaunce.
5:44 of 2nd period - Deflect By Ryan Tverberg.
5:44 of 2nd period - Shot Blocked by Zac Jones.
5:44 of 2nd period - Puck is out of play.
5:45 of 2nd period - Jack McBain wins face-off versus Connor Dewar in Philadelphia Phantoms zone.
6:12 of 2nd period - Louis Crevier is hit by Brendan Brisson and loses puck.
6:46 of 2nd period - Wrist shot by Jaret Anderson-Dolan.
6:46 of 2nd period - Stopped by Matt Murray with a rebound.
6:48 of 2nd period - Backhand shot by Luca Del Bel Belluz.
6:48 of 2nd period - Shot Misses the Net.
6:50 of 2nd period - Slapshot by Louis Crevier.
6:50 of 2nd period - Stopped by Matt Murray without a rebound.
6:51 of 2nd period - Ryan Tverberg wins face-off versus Alex Steeves in Toronto St Pats zone.
7:45 of 2nd period - Wrist shot by Jack McBain.
7:45 of 2nd period - Stopped by Matt Murray without a rebound.
7:46 of 2nd period - Brendan Gaunce wins face-off versus Egor Afanasyev in Toronto St Pats zone.
7:58 of 2nd period - Icing by Ryan Johnson.
7:59 of 2nd period - Brendan Brisson wins face-off versus Alex Steeves in Philadelphia Phantoms zone.
8:20 of 2nd period - Wrist shot by Juuso Parssinen.
8:20 of 2nd period - Stopped by Matt Murray with a rebound.
8:22 of 2nd period - Slapshot by Nick Blankenburg.
8:22 of 2nd period - Stopped by Matt Murray without a rebound.
8:23 of 2nd period - Adam Klapka wins face-off versus Connor Dewar in Toronto St Pats zone.
8:26 of 2nd period - Snap shot by Matt Rempe.
8:26 of 2nd period - Shot Misses the Net.
8:58 of 2nd period - Snap shot by Brett Berard.
8:58 of 2nd period - Stopped by Dennis Hildeby with a rebound.
9:12 of 2nd period - Lucas Carlsson is hit by Marcus Bjork.
9:52 of 2nd period - Snap shot by Matt Rempe.
9:52 of 2nd period - Shot Misses the Net.
9:54 of 2nd period - Snap shot by Reilly Walsh.
9:54 of 2nd period - Stopped by Matt Murray with a rebound.
11:01 of 2nd period - Snap shot by Sam Malinski.
11:01 of 2nd period - Stopped by Dennis Hildeby with a rebound.
11:40 of 2nd period - Brett Berard is hit by Tye Kartye and loses puck.
12:15 of 2nd period - Juuso Parssinen is hit by John Farinacci and loses puck.
12:24 of 2nd period - Scott Perunovich is hit by Egor Afanasyev and loses puck.
13:30 of 2nd period - Austin Watson is hit by James Malatesta and loses puck.
13:50 of 2nd period - Snap shot by John Farinacci.
13:50 of 2nd period - Shot Blocked by Alex Steeves.
13:52 of 2nd period - Snap shot by Bogdan Trineyev.
13:52 of 2nd period - Shot Blocked by Nick Blankenburg.
13:54 of 2nd period - Snap shot by Matthew Maggio.
13:54 of 2nd period - Stopped by Dennis Hildeby without a rebound.
13:55 of 2nd period - Connor Dewar wins face-off versus Nils Aman in Philadelphia Phantoms zone.
13:56 of 2nd period - Snap shot by Travis Boyd.
13:56 of 2nd period - Shot Misses the Net.
14:04 of 2nd period - Wrist shot by Nils Aman.
14:04 of 2nd period - Shot Misses the Net.
14:06 of 2nd period - Slapshot by Jack McBain.
14:06 of 2nd period - Deflect By Tye Kartye.
14:06 of 2nd period - Shot Misses the Net.
14:06 of 2nd period - Puck is out of play.
14:07 of 2nd period - Adam Klapka wins face-off versus Connor Dewar in Toronto St Pats zone.
14:20 of 2nd period - Slapshot by Nikita Okhotiuk.
14:20 of 2nd period - Shot Misses the Net.
14:22 of 2nd period - Snap shot by Connor Dewar.
14:22 of 2nd period - Stopped by Dennis Hildeby with a rebound.
15:13 of 2nd period - Alex Steeves is hit by Bogdan Trineyev and loses puck.
15:40 of 2nd period - Slapshot by Matt Rempe.
15:40 of 2nd period - Stopped by Matt Murray with a rebound.
15:42 of 2nd period - Wrist shot by Matt Rempe.
15:42 of 2nd period - Shot Misses the Net.
16:16 of 2nd period - Icing by Austin Watson.
16:17 of 2nd period - Egor Afanasyev wins face-off versus Brendan Brisson in Toronto St Pats zone.
16:49 of 2nd period - Wrist shot by Alex Steeves.
16:49 of 2nd period - Stopped by Matt Murray with a rebound.
16:57 of 2nd period - Snap shot by Juuso Parssinen.
16:57 of 2nd period - Deflect By Alex Steeves.
16:57 of 2nd period - Shot Misses the Net.
16:57 of 2nd period - Puck is out of play.
16:58 of 2nd period - Connor Dewar wins face-off versus Adam Klapka in Toronto St Pats zone.
17:29 of 2nd period - Icing by Zac Jones.
17:30 of 2nd period - Brendan Gaunce wins face-off versus Luca Del Bel Belluz in Philadelphia Phantoms zone.
17:33 of 2nd period - Wrist shot by Ryan Tverberg.
17:33 of 2nd period - Stopped by Dennis Hildeby with a rebound.
17:45 of 2nd period - Backhand shot by Jaret Anderson-Dolan.
17:45 of 2nd period - Shot Misses the Net.
17:47 of 2nd period - Snap shot by James Malatesta.
17:47 of 2nd period - Shot Misses the Net.
17:49 of 2nd period - Slapshot by Jaret Anderson-Dolan.
17:49 of 2nd period - Stopped by Matt Murray without a rebound.
17:50 of 2nd period - Jack McBain wins face-off versus Connor Dewar in Toronto St Pats zone.
17:55 of 2nd period - Slapshot by Nils Aman.
17:55 of 2nd period - Shot Blocked by Lucas Carlsson.
17:57 of 2nd period - Backhand shot by Reilly Walsh.
17:57 of 2nd period - Shot Blocked by Lassi Thomson.
17:59 of 2nd period - Wrist shot by Jack McBain.
17:59 of 2nd period - Deflect By Nils Aman.
17:59 of 2nd period - Shot Blocked by Lucas Carlsson.
17:59 of 2nd period - Puck is out of play.
18:00 of 2nd period - Connor Dewar wins face-off versus Jack McBain in Toronto St Pats zone.
18:13 of 2nd period - Snap shot by Connor Dewar.
18:13 of 2nd period - Stopped by Dennis Hildeby with a rebound.
18:26 of 2nd period - Slapshot by Nils Aman.
18:26 of 2nd period - Deflect By Travis Boyd.
18:26 of 2nd period - Shot Blocked by Travis Boyd.
18:26 of 2nd period - Puck is out of play.
18:27 of 2nd period - Brendan Brisson wins face-off versus Adam Klapka in Toronto St Pats zone.
18:32 of 2nd period - Snap shot by Brendan Brisson.
18:32 of 2nd period - Deflect By Mackie Samoskevich.
18:32 of 2nd period - Shot Blocked by Marcus Bjork.
18:32 of 2nd period - Puck is out of play.
18:33 of 2nd period - Adam Klapka wins face-off versus Brendan Brisson in Philadelphia Phantoms zone.
18:47 of 2nd period - Snap shot by Adam Klapka.
18:47 of 2nd period - Stopped by Matt Murray with a rebound.
18:49 of 2nd period - Slapshot by Ryan Winterton.
18:49 of 2nd period - Stopped by Matt Murray without a rebound.
18:50 of 2nd period - Brendan Gaunce wins face-off versus Luca Del Bel Belluz in Toronto St Pats zone.
18:57 of 2nd period - Slapshot by Nikita Okhotiuk.
18:57 of 2nd period - Stopped by Dennis Hildeby without a rebound.
18:58 of 2nd period - Brendan Gaunce wins face-off versus Luca Del Bel Belluz in Philadelphia Phantoms zone.
19:01 of 2nd period - Snap shot by Ryan Tverberg.
19:01 of 2nd period - Stopped by Dennis Hildeby without a rebound.
19:02 of 2nd period - Adam Klapka wins face-off versus Brendan Brisson in Philadelphia Phantoms zone.
19:13 of 2nd period - Snap shot by Austin Watson.
19:13 of 2nd period - Stopped by Dennis Hildeby without a rebound.
19:14 of 2nd period - Jack McBain wins face-off versus Connor Dewar in Philadelphia Phantoms zone.
19:14 of 2nd period - Jack McBain is hit by Nick Cousins.
19:39 of 2nd period - James Malatesta is hit by Brendan Gaunce and loses puck.
Goals for this period are 1 for Philadelphia Phantoms vs 0 for Toronto St Pats.
Shots for this period are 17 for Philadelphia Phantoms vs 13 for Toronto St Pats.
3rd period
0:01 of 3rd period - Adam Klapka wins face-off versus Brendan Brisson in neutral zone.
0:20 of 3rd period - Mackie Samoskevich is hit by Matt Rempe and loses puck.
0:31 of 3rd period - Wrist shot by Austin Watson.
0:31 of 3rd period - Shot Misses the Net.
0:59 of 3rd period - Backhand shot by Jaret Anderson-Dolan.
0:59 of 3rd period - Goal by Jaret Anderson-Dolan - Philadelphia Phantoms : 5 - Toronto St Pats : 3.
1:00 of 3rd period - Egor Afanasyev wins face-off versus Brendan Brisson in neutral zone.
1:10 of 3rd period - Off-side.
1:11 of 3rd period - Connor Dewar wins face-off versus Egor Afanasyev in neutral zone.
2:45 of 3rd period - Nick Blankenburg is hit by Connor Dewar and loses puck.
2:59 of 3rd period - Ryan Johnson is hit by Scott Perunovich and loses puck.
3:06 of 3rd period - Wrist shot by Luca Del Bel Belluz.
3:06 of 3rd period - Shot Misses the Net.
3:08 of 3rd period - Wrist shot by Reilly Walsh.
3:08 of 3rd period - Shot Blocked by Mackie Samoskevich.
3:36 of 3rd period - Brendan Brisson is hit by Jack McBain and loses puck.
3:51 of 3rd period - Backhand shot by Alex Steeves.
3:51 of 3rd period - Stopped by Matt Murray without a rebound.
3:52 of 3rd period - Brendan Gaunce wins face-off versus Egor Afanasyev in Toronto St Pats zone.
4:00 of 3rd period - Off-side.
4:01 of 3rd period - Adam Klapka wins face-off versus Brendan Gaunce in neutral zone.
4:11 of 3rd period - Off-side.
4:12 of 3rd period - Nick Cousins wins face-off versus Adam Klapka in neutral zone.
4:15 of 3rd period - Slapshot by Connor Dewar.
4:15 of 3rd period - Shot Misses the Net.
4:17 of 3rd period - Wrist shot by Nick Cousins.
4:17 of 3rd period - Shot Blocked by Reilly Walsh.
4:19 of 3rd period - Slapshot by Nick Cousins.
4:19 of 3rd period - Stopped by Dennis Hildeby without a rebound.
4:20 of 3rd period - Adam Klapka wins face-off versus Connor Dewar in Philadelphia Phantoms zone.
4:29 of 3rd period - Travis Boyd is hit by Matt Rempe and loses puck.
4:37 of 3rd period - Off-side.
4:38 of 3rd period - Brendan Gaunce wins face-off versus Luca Del Bel Belluz in neutral zone.
4:43 of 3rd period - Slapshot by Scott Perunovich.
4:43 of 3rd period - Deflect By Luca Del Bel Belluz.
4:43 of 3rd period - Stopped by Dennis Hildeby with a rebound.
4:45 of 3rd period - Wrist shot by Brendan Gaunce.
4:45 of 3rd period - Stopped by Dennis Hildeby without a rebound.
4:46 of 3rd period - Luca Del Bel Belluz wins face-off versus Brendan Gaunce in Philadelphia Phantoms zone.
4:46 of 3rd period - Luca Del Bel Belluz is hit by Scott Perunovich.
4:53 of 3rd period - Off-side.
4:54 of 3rd period - Connor Dewar wins face-off versus Jack McBain in neutral zone.
5:51 of 3rd period - Snap shot by Egor Afanasyev.
5:51 of 3rd period - Stopped by Matt Murray with a rebound.
6:41 of 3rd period - Zac Jones is hit by Scott Perunovich and loses puck.
6:56 of 3rd period - Brett Berard is hit by Alex Steeves and loses puck.
7:05 of 3rd period - Slapshot by Juuso Parssinen.
7:05 of 3rd period - Stopped by Matt Murray without a rebound.
7:06 of 3rd period - Luca Del Bel Belluz wins face-off versus Brendan Brisson in Toronto St Pats zone.
7:16 of 3rd period - Minor Penalty to Reilly Walsh for Cross-checking.
7:17 of 3rd period - Brendan Brisson wins face-off versus Egor Afanasyev in Philadelphia Phantoms zone.
9:06 of 3rd period - Zac Jones is hit by Sam Malinski and loses puck.
9:16 of 3rd period - Penalty to Reilly Walsh is over, Reilly Walsh is back on ice.
9:23 of 3rd period - Brendan Gaunce is hit by Adam Klapka and loses puck.
9:55 of 3rd period - Lassi Thomson is hit by James Malatesta and loses puck.
10:24 of 3rd period - Pierre-Olivier Joseph is hit by Egor Afanasyev and loses puck.
10:51 of 3rd period - Ryan Tverberg is hit by Matt Rempe and loses puck.
11:10 of 3rd period - Sam Malinski is hit by Juuso Parssinen and loses puck.
11:36 of 3rd period - Connor Dewar is hit by Ryan Johnson.
12:17 of 3rd period - Brendan Brisson is hit by Adam Klapka and loses puck.
12:37 of 3rd period - Slapshot by Sam Malinski.
12:37 of 3rd period - Stopped by Dennis Hildeby with a rebound.
12:44 of 3rd period - Icing by Louis Crevier.
12:45 of 3rd period - Connor Dewar wins face-off versus Jack McBain in Philadelphia Phantoms zone.
12:58 of 3rd period - Snap shot by Brendan Gaunce.
12:58 of 3rd period - Stopped by Dennis Hildeby with a rebound.
13:40 of 3rd period - Wrist shot by Austin Watson.
13:40 of 3rd period - Stopped by Dennis Hildeby with a rebound.
14:17 of 3rd period - Marcus Bjork is hit by Matthew Maggio and loses puck.
14:37 of 3rd period - Off-side.
14:38 of 3rd period - Luca Del Bel Belluz wins face-off versus Connor Dewar in neutral zone.
15:14 of 3rd period - Snap shot by James Malatesta.
15:14 of 3rd period - Stopped by Matt Murray without a rebound.
15:15 of 3rd period - Brendan Gaunce wins face-off versus Adam Klapka in Toronto St Pats zone.
15:20 of 3rd period - Wrist shot by Ryan Tverberg.
15:20 of 3rd period - Shot Blocked by Nick Blankenburg.
15:22 of 3rd period - Slapshot by Brett Berard.
15:22 of 3rd period - Shot Misses the Net.
16:39 of 3rd period - Wrist shot by Matt Rempe.
16:39 of 3rd period - Goal by Matt Rempe - Philadelphia Phantoms : 6 - Toronto St Pats : 3.
16:40 of 3rd period - Egor Afanasyev wins face-off versus Brendan Brisson in neutral zone.
16:55 of 3rd period - Snap shot by Mackie Samoskevich.
16:55 of 3rd period - Stopped by Dennis Hildeby with a rebound.
17:05 of 3rd period - Louis Crevier is hit by Nikita Okhotiuk and loses puck.
17:12 of 3rd period - Wrist shot by Alex Steeves.
17:12 of 3rd period - Shot Blocked by Brendan Gaunce.
18:32 of 3rd period - Snap shot by Luca Del Bel Belluz.
18:32 of 3rd period - Shot Misses the Net.
19:22 of 3rd period - Wrist shot by Scott Perunovich.
19:22 of 3rd period - Stopped by Dennis Hildeby without a rebound.
19:23 of 3rd period - Jack McBain wins face-off versus Brendan Brisson in Philadelphia Phantoms zone.
19:23 of 3rd period - Jack McBain is hit by Austin Watson.
19:57 of 3rd period - Icing by Brendan Gaunce.
19:58 of 3rd period - Juuso Parssinen wins face-off versus Brendan Gaunce in Toronto St Pats zone.
Goals for this period are 2 for Philadelphia Phantoms vs 0 for Toronto St Pats.
Shots for this period are 6 for Philadelphia Phantoms vs 8 for Toronto St Pats.
Back to the Top